Map: Temple des os EC

Players

Callistra

  • Race: Protoss Protoss

Stio

  • Race: Terran Terran

BalB

  • Race: Terran Terran

ДЬЯВОЛ - Winner!

  • Race: Protoss Protoss

Minh - Winner!

  • Race: Terran Terran

Dencat - Winner!

  • Race: Protoss Protoss

VOD

Have the link to the VOD?

Description

Time

  • Played on: April 5, 2020, 12:03 p.m.
  • Length: 23:29
Show
View Real Time Build Order
Export as new Build Order

Callistra Protoss 

Build Orders:  

Get SALT Encoding   

  12  0:15  Pylon  
  12  0:33  Gateway  
  12  0:39  Gateway  
  12  0:44  Probe  
  13  0:57  Probe  
  14  1:09  Probe  
  15  1:21  Probe  
  15  1:25  Zealot  
  18  1:33  Probe  
  19  1:43  Zealot  
  21  1:52  Zealot  
  23  2:02  Pylon  
  23  2:13  Pylon  
  23  2:20  Zealot x2  
  27  2:24  Cybernetics Core  
  27  2:46  Assimilator  
  27  2:48  Zealot  
  29  2:51  Assimilator  
  29  3:06  Nexus  
  29  3:11  Pylon  
  29  3:16  Pylon  
  29  3:38  Probe  
  30  3:43  Stalker  
  32  3:50  Probe  
  33  4:02  Probe  
  34  4:14  Probe  
  35  4:24  Stalker  
  35  4:25  Stalker  
  35  4:26  Probe  
  40  4:32  Warp Gate  
  40  4:41  Pylon  
  40  4:54  Stalker  
  40  4:55  Stalker  
  44  5:17  Nexus  
  44  5:35  Pylon  
  44  6:09  Stargate  
  44  6:32  Stalker  
  46  6:33  Stalker  
  48  8:09  Sentry  
  48  8:10  Sentry  
  52  8:18  Void Ray  
  56  8:50  Assimilator  
  56  9:01  Void Ray  
  60  9:04  Assimilator  
  60  9:40  Fleet Beacon  
  60  9:44  Void Ray  
  64  9:52  Stargate  
  64  10:04  Stargate  
  64  10:19  Stalker  
  66  10:23  Adept  
  66  10:27  Void Ray  
  72  10:32  Mothership  
  80  10:54  Gateway  
  80  11:09  Void Ray  
  84  11:30  Carrier  
  90  11:41  Probe  
  91  11:53  Carrier, Probe  
  98  12:05  Probe  
  99  12:19  Probe  
  100  12:26  Probe  
  101  12:41  Pylon  
  101  12:53  Pylon  
  101  12:59  Tempest, Probe x2  
  101  13:01  Pylon  
  108  13:11  Probe x2  
  110  13:14  Pylon  
  110  13:24  Probe x2  
  112  13:36  Probe  
  41  19:19  Nexus  
  6  21:15  Nexus  
  6  21:29  Nexus  
Show
View Real Time Build Order
Export as new Build Order

Stio Terran 

Build Orders: 2 Factory 

Get SALT Encoding   

  12  0:02  SCV  
  13  0:17  Supply Depot  
  13  0:19  SCV  
  14  0:31  SCV  
  15  0:43  Barracks  
  15  0:44  SCV  
  16  0:59  Refinery  
  16  1:03  SCV  
  17  1:04  Refinery  
  17  1:15  SCV  
  18  1:27  SCV  
  18  1:30  Supply Depot  
  19  1:39  SCV  
  20  1:52  SCV  
  20  1:53  Supply Depot  
  21  2:05  Bunker  
  21  2:06  Marine  
  22  2:23  SCV  
  22  2:24  Marine  
  24  2:35  SCV  
  25  2:38  Factory  
  25  2:42  Marine  
  26  2:46  Factory  
  26  2:47  SCV  
  27  2:56  Supply Depot  
  27  2:59  Marine  
  27  3:00  SCV  
  29  3:12  SCV  
  30  3:17  Marine  
  31  3:24  Factory Tech Lab  
  31  3:31  Factory Tech Lab  
  31  3:55  Command Center  
  31  3:58  Starport  
  31  4:05  Starport  
  31  4:09  Siege Tank  
  34  4:10  Siege Tank  
  37  5:29  Supply Depot  
  37  5:36  Cyclone x2  
  43  5:53  Supply Depot  
  43  6:08  Cyclone x2  
  49  6:16  Supply Depot  
  49  6:40  Cyclone  
  49  6:42  Supply Depot  
  52  6:57  Siege Tank  
  55  7:04  SCV  
  55  7:05  Supply Depot  
  56  7:10  Refinery  
  56  7:11  Refinery  
  56  7:12  Siege Tank  
  59  7:16  SCV  
  60  7:28  SCV, Supply Depot  
  60  7:29  Siege Tank  
  64  7:40  SCV  
  65  7:50  Supply Depot  
  65  7:52  SCV  
  66  8:49  Cyclone x2  
  72  9:03  Supply Depot  
  72  9:21  Cyclone x2  
  78  9:26  Supply Depot  
  78  9:36  Starport Reactor x2  
  78  9:47  SCV  
  78  9:48  Supply Depot  
  79  9:53  Cyclone  
  79  9:54  Cyclone  
  79  9:59  SCV  
  86  10:11  SCV  
  86  10:13  Viking x2  
  95  10:23  SCV  
  95  10:25  Cyclone  
  99  10:35  SCV  
  96  10:43  Viking  
  96  10:47  SCV  
  99  11:16  Raven  
  101  11:37  Supply Depot  
  101  11:59  Supply Depot  
  101  12:20  Cyclone  
  104  12:22  Supply Depot  
  104  12:30  Cyclone  
  107  12:52  Cyclone  
  110  13:02  Cyclone  
  113  13:24  Cyclone  
  116  13:34  Cyclone  
  119  13:56  Cyclone  
  122  14:06  Cyclone  
  118  14:28  Cyclone  
  115  14:39  Cyclone  
  111  15:50  Siege Tank x2  
  111  15:55  Viking x4  
  125  16:22  Siege Tank x2  
  125  16:25  Viking x2  
  133  16:30  SCV  
  136  16:50  Starport  
  136  16:54  Siege Tank  
  136  16:55  Siege Tank, Viking x2  
  146  17:25  Viking  
  146  17:26  Siege Tank  
  146  17:27  Siege Tank  
  154  17:44  Starport Tech Lab  
  154  17:58  Siege Tank  
  154  17:59  Siege Tank  
  49  18:59  Banshee  
  48  19:03  Viking x2  
  48  19:07  Viking x2  
  54  19:56  Viking  
  54  20:04  Siege Tank  
  45  20:41  Supply Depot  
  45  20:45  SCV  
  46  21:03  Banshee, Viking x2, SCV  
  54  21:04  Supply Depot  
  54  21:26  Siege Tank, Supply Depot  
  1  22:25  Supply Depot  
Show
View Real Time Build Order
Export as new Build Order

BalB Terran 

Build Orders:  

Get SALT Encoding   

  12  0:59  Supply Depot  
  12  1:06  SCV  
  13  1:14  Supply Depot  
  13  1:24  Supply Depot  
  13  1:26  Supply Depot  
  13  1:28  Supply Depot  
  13  1:32  Supply Depot  
  13  1:38  Barracks  
  13  2:12  Barracks  
  13  2:35  Orbital Command  
  13  2:37  Refinery  
  13  2:38  Refinery  
  13  3:31  Barracks Reactor, Barracks Tech Lab  
  13  3:49  SCV  
  14  4:01  SCV  
  15  4:11  Marine x3  
  15  4:13  SCV  
  19  4:25  SCV  
  20  4:37  SCV  
  21  5:07  Command Center  
  21  5:16  Marauder  
  23  5:36  Refinery  
  23  5:37  Marauder  
  25  5:54  Marine x2  
  27  6:12  Marine x2  
  29  6:21  Refinery  
  29  6:23  SCV  
  30  6:35  SCV  
  31  6:47  SCV  
  32  6:59  SCV  
  33  7:10  Factory  
  33  7:11  SCV  
  33  7:12  Factory  
  34  7:17  Factory  
  34  8:16  Marauder  
  34  8:17  Marine x2  
  38  8:34  Factory Tech Lab x2  
  38  8:35  Marine x2  
  38  8:37  Marauder  
  42  8:43  Factory Reactor  
  43  8:48  SCV  
  43  8:53  Marine x2  
  45  8:59  Marauder  
  45  9:00  SCV  
  48  9:12  SCV  
  49  9:20  Marauder  
  51  9:24  SCV  
  52  9:31  Siege Tank  
  52  9:32  Siege Tank  
  52  9:37  SCV  
  59  9:41  Marauder  
  61  10:04  Siege Tank x2  
  61  12:09  Supply Depot  
  61  12:11  Supply Depot  
  61  12:12  Supply Depot  
  61  12:32  Supply Depot  
  61  12:33  Siege Tank  
  61  12:36  Marauder, Supply Depot  
  66  12:37  Marine x2, Supply Depot  
  68  12:55  Marine x2  
  68  12:56  Supply Depot  
  68  12:57  Marauder  
  72  13:00  Supply Depot  
  72  13:01  Supply Depot  
  72  13:13  Marine x2  
  72  13:18  Marauder  
  76  13:31  Marine x2  
  78  13:40  Marauder  
  80  14:01  Marauder  
  82  15:33  Supply Depot  
  82  15:35  Supply Depot  
  82  15:57  Supply Depot x2  
  82  16:18  Marine x2  
  82  16:19  Marauder  
  82  16:21  Supply Depot  
  86  16:39  Marine  
  86  16:40  Marine  
  86  16:43  Marauder  
  87  17:03  Orbital Command  
  81  18:18  Marine x2  
  79  18:20  Marauder  
  25  19:01  Command Center  
  22  19:04  Command Center  
  22  19:08  Command Center  
  22  19:09  Command Center  
  21  19:11  Command Center  
  16  19:17  Command Center  
  16  19:22  Command Center  
  10  19:28  Command Center  
  10  19:33  Command Center  
  10  19:37  Command Center  
  5  20:28  SCV  
  5  20:29  SCV x4  
  10  20:40  SCV  
  10  20:41  SCV x4  
  15  20:53  SCV x5  
  20  21:05  SCV x5  
  25  21:15  Refinery x2  
  25  21:17  SCV x3  
  25  21:18  SCV  
  29  21:29  SCV x2  
  29  21:30  SCV  
  31  21:41  SCV x2  
  31  21:42  SCV  
  34  21:53  SCV x2  
  34  21:54  SCV  
  37  22:05  SCV  
  37  22:06  SCV x2  
  40  22:17  SCV  
  40  22:18  SCV x2  
Show
View Real Time Build Order
Export as new Build Order

ДЬЯВОЛ Protoss - Winner!

Build Orders: Cannon Rush 

Get SALT Encoding   

  12  0:06  Probe  
  13  0:15  Pylon  
  13  0:39  Forge, Pylon  
  13  0:43  Probe (Chrono Boost)  
  14  0:54  Probe (Chrono Boost)  
  15  0:58  Probe (Chrono Boost)  
  16  1:09  Probe  
  17  1:19  Photon Cannon  
  17  1:23  Photon Cannon  
  17  1:28  Pylon  
  17  1:38  Photon Cannon  
  17  1:48  Photon Cannon  
  18  2:01  Probe (Chrono Boost)  
  18  2:11  Pylon  
  18  2:12  Probe (Chrono Boost)  
  19  2:17  Probe (Chrono Boost)  
  19  2:18  Assimilator  
  20  2:25  Gateway  
  20  2:27  Probe  
  21  2:32  Assimilator  
  21  2:39  Probe  
  22  2:58  Nexus  
  22  3:09  Probe (Chrono Boost)  
  24  3:20  Pylon  
  24  3:21  Probe (Chrono Boost)  
  24  3:24  Pylon  
  24  3:37  Cybernetics Core  
  24  3:56  Pylon  
  24  3:59  Pylon  
  24  4:03  Pylon  
  24  4:08  Pylon  
  24  4:14  Probe (Chrono Boost)  
  25  4:21  Warp Gate  
  26  4:25  Probe (Chrono Boost)  
  26  4:30  Probe (Chrono Boost)  
  26  4:35  Photon Cannon  
  27  4:40  Probe  
  27  4:42  Photon Cannon  
  28  4:50  Photon Cannon  
  28  4:53  Probe  
  28  4:59  Photon Cannon  
  29  5:05  Photon Cannon, Probe  
  30  5:09  Assimilator  
  30  5:14  Assimilator  
  30  5:17  Probe (Chrono Boost)  
  32  5:28  Probe (Chrono Boost)  
  32  5:33  Probe (Chrono Boost)  
  33  5:36  Shield Battery  
  33  5:40  Shield Battery  
  33  5:43  Probe  
  33  5:44  Shield Battery  
  33  5:46  Shield Battery  
  34  5:52  Shield Battery  
  34  5:54  Photon Cannon  
  34  6:01  Gateway  
  34  6:06  Protoss Ground Weapons Level 1 (Chrono Boost)  
  34  6:17  Twilight Council  
  34  6:47  Gateway  
  34  6:49  Gateway  
  34  6:52  Gateway  
  34  6:55  Gateway, Blink  
  34  7:00  Gateway  
  34  7:07  Gateway  
  34  7:20  Dark Shrine  
  34  7:27  Stalker  
  34  7:29  Stalker  
  38  8:06  Protoss Ground Armor Level 1 (Chrono Boost)  
  38  8:18  Stalker  
  40  8:20  Stalker  
  40  8:22  Stalker  
  40  8:24  Stalker  
  46  8:29  Stalker  
  46  8:31  Stalker  
  46  8:33  Stalker  
  52  8:35  Stalker  
  54  8:56  Charge, Probe (Chrono Boost)  
  55  9:08  Probe (Chrono Boost)  
  56  9:11  Dark Templar  
  56  9:13  Probe (Chrono Boost)  
  59  9:18  Dark Templar  
  59  9:20  Dark Templar  
  59  9:22  Dark Templar  
  59  9:23  Probe  
  66  9:24  Dark Templar  
  66  9:26  Dark Templar  
  66  9:27  Dark Templar  
  72  9:35  Probe  
  72  9:37  Archon  
  72  9:38  Archon  
  73  9:40  Archon  
  73  9:44  Stalker  
  75  10:14  Protoss Shields Level 1  
  75  11:21  Dark Templar  
  75  11:22  Dark Templar  
  75  11:24  Dark Templar  
  79  11:26  Dark Templar  
  79  11:27  Dark Templar  
  79  11:29  Dark Templar  
  79  11:31  Dark Templar  
  87  11:33  Dark Templar  
  89  11:40  Archon  
  89  11:41  Archon  
  89  11:42  Archon  
  89  11:46  Archon  
  89  12:07  Stalker  
  91  12:09  Stalker  
  91  12:11  Stalker  
  91  12:12  Stalker  
  91  12:14  Stalker  
  99  12:15  Stalker  
  99  12:17  Stalker  
  99  12:19  Stalker  
  99  12:20  Protoss Ground Weapons Level 2 (Chrono Boost)  
  105  12:25  Pylon  
  105  12:26  Pylon  
  105  12:29  Pylon  
  105  12:34  Photon Cannon  
  105  12:36  Photon Cannon  
  105  12:38  Pylon  
  105  12:44  Pylon  
  105  12:58  Dark Templar  
  107  13:06  Stalker  
  107  13:09  Stalker  
  107  13:10  Stalker  
  107  13:12  Stalker  
  115  13:14  Stalker  
  115  13:15  Stalker  
  115  13:17  Stalker  
  121  14:46  Protoss Ground Armor Level 2  
  121  15:02  Dark Templar  
  121  15:04  Dark Templar  
  121  15:05  Dark Templar  
  127  15:07  Dark Templar  
  127  15:09  Dark Templar  
  127  15:10  Dark Templar  
  127  15:11  Dark Templar  
  127  15:13  Dark Templar  
  135  17:20  Protoss Shields Level 2  
  119  17:42  Stalker  
  119  17:43  Stalker  
  123  17:45  Stalker  
  123  17:47  Stalker  
  123  17:49  Stalker  
  123  17:50  Stalker  
  131  17:53  Stalker  
  131  17:56  Stalker  
  45  20:28  Stalker  
  41  20:30  Stalker  
  41  20:31  Stalker  
  41  20:32  Stalker  
  41  20:34  Stalker  
  49  20:36  Stalker  
  49  20:38  Stalker  
  49  20:40  Stalker  
  55  21:02  Dark Templar  
  55  21:04  Dark Templar  
  59  21:05  Dark Templar  
  59  21:07  Dark Templar  
  59  21:09  Dark Templar  
  59  21:10  Dark Templar  
  67  21:12  Dark Templar  
  67  21:13  Dark Templar  
  67  21:14  Nexus  
  71  21:30  Archon x3  
  71  21:31  Archon  
  71  21:35  Stalker  
  71  21:39  Stalker  
  75  21:41  Stalker  
  75  21:42  Stalker  
  75  21:45  Stalker  
  81  22:34  Assimilator  
Show
View Real Time Build Order
Export as new Build Order

Minh Terran - Winner!

Build Orders:  

Get SALT Encoding   

  12  0:02  SCV  
  13  0:15  SCV  
  14  0:23  Supply Depot  
  14  0:27  SCV  
  15  0:43  Refinery  
  15  0:47  Barracks  
  15  0:48  SCV  
  16  1:00  SCV  
  17  1:12  SCV  
  18  1:24  SCV  
  19  1:40  Command Center  
  19  1:43  SCV  
  20  1:49  Factory  
  20  1:55  SCV  
  20  1:58  Refinery  
  21  2:07  SCV  
  22  2:19  Barracks Tech Lab, SCV  
  23  2:37  Starport  
  23  2:51  SCV  
  23  2:53  Refinery  
  24  3:02  Starport  
  24  3:03  SCV  
  25  3:06  SCV  
  25  3:07  Refinery  
  26  3:16  SCV  
  26  3:18  SCV  
  28  3:21  Factory Tech Lab  
  28  3:22  Starport Tech Lab  
  28  3:27  Starport  
  28  3:28  Orbital Command  
  28  3:30  SCV  
  29  3:43  SCV  
  29  3:47  Supply Depot  
  30  3:50  Starport Tech Lab  
  30  4:01  Fusion Core  
  30  4:06  SCV  
  31  4:14  SCV  
  32  4:18  SCV  
  32  4:19  Starport Tech Lab, Starport  
  32  4:23  Cloaking Field  
  33  4:26  SCV  
  33  4:30  Siege Tank  
  37  4:40  Supply Depot  
  37  4:41  SCV  
  38  4:53  SCV  
  38  4:59  SCV  
  40  5:10  SCV  
  40  5:12  SCV  
  42  5:17  Battlecruiser  
  42  5:20  Starport Tech Lab  
  48  5:24  SCV  
  49  5:32  Armory  
  49  5:45  Weapon Refit  
  49  5:53  SCV  
  49  5:56  SCV  
  51  5:57  Factory  
  51  6:05  Supply Depot  
  51  6:06  SCV  
  51  6:08  SCV  
  51  6:10  Supply Depot  
  53  6:13  Hyperflight Rotors  
  53  6:17  Banshee  
  55  6:36  Battlecruiser  
  61  6:49  Command Center  
  61  7:02  Factory Tech Lab  
  61  7:08  Armory, Terran Vehicle Weapons Level 1  
  61  7:15  Armory  
  61  7:19  Supply Depot  
  64  7:46  Battlecruiser  
  64  7:53  Supply Depot  
  64  7:57  Orbital Command  
  64  7:58  SCV  
  65  8:09  Refinery  
  65  8:11  SCV  
  66  8:19  Terran Vehicle And Ship Armor Level 1  
  66  8:21  Terran Ship Weapons Level 1  
  66  8:32  Supply Depot  
  72  8:34  Battlecruiser  
  72  8:35  Refinery  
  72  8:37  Thor  
  78  8:51  Orbital Command  
  78  8:58  Supply Depot  
  78  9:12  Battlecruiser, Command Center  
  78  9:14  Thor  
  90  9:27  Thor  
  96  9:36  Terran Vehicle Weapons Level 2  
  96  9:45  Supply Depot  
  96  9:57  Battlecruiser  
  102  10:04  Starport  
  102  10:21  SCV  
  103  10:33  Starport, SCV, Battlecruiser  
  110  10:48  Thor  
  116  10:55  Refinery  
  116  10:57  Refinery  
  116  11:01  Terran Ship Weapons Level 2  
  116  11:21  Starport Tech Lab  
  116  11:28  Starport Tech Lab  
  116  11:32  Battlecruiser  
  122  11:50  Terran Vehicle And Ship Armor Level 2  
  122  11:53  Battlecruiser  
  128  12:03  Engineering Bay  
  128  12:04  Orbital Command  
  128  12:07  Corvid Reactor  
  128  12:13  Smart Servos  
  128  12:16  Infernal Pre-Igniter  
  128  12:23  Terran Vehicle Weapons Level 3  
  128  12:58  Battlecruiser x2  
  140  13:03  Thor  
  146  13:21  Battlecruiser  
  152  13:33  Sensor Tower  
  152  13:35  Supply Depot  
  152  13:38  Supply Depot  
  152  13:46  Battlecruiser  
  158  13:49  Battlecruiser  
  164  14:04  Battlecruiser  
  170  14:10  Supply Depot  
  170  14:11  Supply Depot  
  170  14:25  Battlecruiser  
  175  14:57  Battlecruiser  
  181  15:01  Sensor Tower  
  181  15:06  Command Center  
  181  15:13  Mag-Field Accelerator  
  181  15:15  Drilling Claws  
  181  15:18  Terran Ship Weapons Level 3  
  181  15:36  Terran Vehicle And Ship Armor Level 3  
  181  16:05  Battlecruiser  
  181  16:07  Battlecruiser  
  181  16:10  Battlecruiser  
  199  16:29  Marine  
  200  16:36  Stimpack  
  200  16:43  Hi-Sec Auto Tracking  
  200  16:48  Advanced Ballistics  
  200  16:58  Refinery  
  199  18:15  Orbital Command  
  193  19:01  Battlecruiser  
  199  19:26  Rapid Reignition System  
Show
View Real Time Build Order
Export as new Build Order

Dencat Protoss - Winner!

Build Orders:  

Get SALT Encoding   

  12  0:19  Assimilator  
  12  0:25  Assimilator  
  12  0:30  Pylon  
  12  0:37  Pylon  
  12  0:58  Gateway  
  12  1:16  Forge  
  12  1:46  Zealot  
  14  2:06  Photon Cannon  
  14  2:13  Zealot  
  16  2:40  Zealot  
  18  2:53  Photon Cannon  
  18  3:02  Photon Cannon  
  18  3:15  Probe  
  19  3:27  Probe  
  20  3:42  Photon Cannon  
  20  3:52  Zealot  
  22  4:05  Pylon  
  22  4:12  Pylon  
  22  4:35  Cybernetics Core  
  22  5:01  Zealot  
  24  5:11  Probe  
  25  5:23  Probe  
  25  5:28  Zealot  
  28  5:55  Zealot  
  30  6:08  Pylon  
  30  6:16  Robotics Facility  
  30  6:23  Stargate  
  30  6:26  Pylon  
  30  6:30  Pylon  
  30  6:35  Pylon  
  30  6:43  Stalker  
  32  7:13  Stalker  
  34  7:17  Gateway  
  34  7:24  Gateway  
  34  7:35  Void Ray  
  38  7:47  Stalker  
  40  7:55  Observer  
  41  8:36  Void Ray  
  45  8:46  Twilight Council  
  45  9:19  Void Ray  
  49  9:30  Dark Shrine  
  49  9:47  Fleet Beacon  
  49  10:01  Immortal  
  53  10:42  Dark Templar  
  55  11:05  Carrier  
  61  11:22  Dark Templar  
  63  12:01  Dark Templar  
  65  12:09  Carrier  
  71  12:40  Dark Templar  
  73  12:46  Archon  
  73  13:10  Immortal  
  77  13:21  Pylon  
  77  13:27  Pylon  
  77  13:32  Pylon  
  77  13:39  Carrier  
  77  13:40  Pylon  
  83  13:54  Archon  
  83  13:57  Dark Templar  
  85  14:32  Immortal  
  85  14:37  Dark Templar  
  91  15:16  Dark Templar  
  93  15:23  Zealot  
  95  15:50  Zealot  
  95  15:55  Dark Templar  
  99  16:05  Robotics Bay  
  99  16:13  Pylon  
  99  16:17  Zealot  
  101  16:35  Archon  
  101  16:44  Zealot  
  105  16:54  Colossus  
  103  16:57  Phoenix  
  111  17:11  Zealot  
  113  17:22  Phoenix  
  115  17:38  Zealot  
  117  17:50  Pylon  
  117  18:05  Zealot  
  119  18:32  Zealot  
  99  19:55  Dark Templar  
  101  20:34  Dark Templar  
Tags
 
Add a new tag
Caveats
  • Supply blocks, unpowered buildings, or Contaminate may cause inaccurate times.
  • Supply counts are checked every 10 seconds.